MapleLeafs vs Canadiens

Created - October 12 2010 at 18:46

Goals
1 2 3 OT1 T
MapleLeafs 0 2 0 0 2
Canadiens 0 1 1 1 3
Shots
1 2 3 OT1 T
MapleLeafs 5 15 3 0 23
Canadiens 7 15 12 1 35

Period #1

No Goal

Penalties :
Dan Hamhuis (TOR) for High sticking (Minor) at 1:00, Drew Doughty (TOR) for Tripping (Minor) at 10:23, Dan Hamhuis (TOR) for Roughing (Minor) at 12:49

Period #2

1. Canadiens , Tomas Plekanec 1 (Ilya Kovalchuk, Alexander Edler) at 1:34
2. MapleLeafs , Jason Arnott 1 (Joffrey Lupul) at 13:39
3. MapleLeafs , Drew Doughty 1 (Claude Giroux, Patrick Marleau) at 19:28

Penalties :
Drew Doughty (TOR) for Elbowing (Minor) at 3:33, Claude Giroux (TOR) for Hooking (Minor) at 7:30, Toni Lydman (MTL) for Boarding (Minor) at 10:29, Drew Doughty (TOR) for Holding (Minor) at 12:45, Brent Seabrook (MTL) for Hooking (Minor) at 13:06, Ed Jovanovski (MTL) for High sticking (Minor) at 16:33

Period #3

4. Canadiens , Maxime Talbot 1 (Tomas Plekanec, R.J. Umberger) at 3:10 (PP)

Penalties :
Patrick Marleau (TOR) for Holding (Minor) at 0:24, Dan Hamhuis (TOR) for Boarding (Minor) at 2:34, Radek Martinek (TOR) for Hooking (Minor) at 6:37, Kyle Cumiskey (TOR) for Holding (Minor) at 13:22

Overtime #1

5. Canadiens , Ed Jovanovski 1 (Jason Pominville, Brent Seabrook) at 0:30

Penalties :
No Penalty

Goalie Stats

Marty Turco (TOR), 32 saves from 35 shots - (0.914), OTL, 1-0-1, 60:31 minutes
Jaroslav Halak (MTL), 21 saves from 23 shots - (0.913), W, 2-0-0, 60:31 minutes

Players Stats

MapleLeafs
Player Name              G  A  P  +/- PIM S  H  SB FO    MP 
------------------------------------------------------------
Claude Giroux            0  1  1   1  2   0  1  0  0/1   19 
Dan Hamhuis              0  0  0   1  6   2  2  1  0/0   21 
Drew Doughty             1  0  1   0  6   1  1  1  0/0   23 
Ian Laperriere           0  0  0   0  0   1  1  0  3/12  17 
Jason Arnott             1  0  1   1  0   5  0  1  13/22 14 
Joffrey Lupul            0  1  1   1  0   2  2  0  0/0   11 
Keith Tkachuk            0  0  0   0  0   0  0  0  0/0   0  
Kyle Cumiskey            0  0  0   1  2   1  0  3  0/0   17 
Luke Schenn              0  0  0   0  0   4  1  0  0/0   20 
Matt Greene              0  0  0   0  0   0  2  2  0/0   20 
Mike Grier               0  0  0  -1  0   1  2  0  0/0   16 
Mike Modano              0  0  0  -1  0   0  0  0  8/12  9  
Nikolai Kulemin          0  0  0   0  0   1  0  0  1/1   13 
Patrick Marleau          0  1  1   0  2   3  1  2  2/2   22 
Radek Martinek           0  0  0  -2  2   2  0  1  0/0   19 
Sam Gagner               0  0  0  -1  0   0  1  0  6/15  21 
Vernon Fiddler           0  0  0   0  0   0  0  0  0/0   0  
Vincent Lecavalier       0  0  0   0  0   0  1  0  16/29 23 
Canadiens
Player Name              G  A  P  +/- PIM S  H  SB FO    MP 
------------------------------------------------------------
Ales Hemsky              0  0  0   1  0   2  0  0  0/1   15 
Alexander Edler          0  1  1   1  0   4  0  1  0/0   22 
Brent Seabrook           0  1  1   0  2   2  3  0  0/0   24 
Cory Stillman            0  0  0   0  0   0  2  0  0/1   12 
David Booth              0  0  0   0  0   0  0  0  0/0   2  
Ed Jovanovski            1  0  1   0  2   1  1  1  0/0   19 
Ilya Kovalchuk           0  1  1   0  0   7  0  0  0/3   20 
Jason Pominville         0  1  1   0  0   2  0  0  3/7   19 
Kris Russell             0  0  0   0  0   0  2  0  0/0   17 
Kyle Okposo              0  0  0   0  0   0  1  0  0/0   14 
Maxime Talbot            1  0  1  -1  0   3  0  0  0/1   14 
Nathan Horton            0  0  0   0  0   1  0  0  13/26 22 
Patrik Berglund          0  0  0  -1  0   0  0  0  0/3   3  
R.J. Umberger            0  1  1   0  0   3  2  0  0/0   23 
Shawn Horcoff            0  0  0   0  0   1  0  1  7/18  13 
Tom Gilbert              0  0  0   0  0   1  0  0  0/0   17 
Tomas Plekanec           1  1  2   1  0   6  1  1  22/34 20 
Toni Lydman              0  0  0  -1  2   2  3  0  0/0   21 

3 Stars

1 - Tomas Plekanec (MTL)
2 - Jason Arnott (TOR)
3 - Joffrey Lupul (TOR)

Power Play

MapleLeafs - 0 on 3 Attempt(s) - 0.00%
Canadiens - 1 on 10 Attempt(s) - 10.00%

Penalty Kill

MapleLeafs - 9 on 10 Attempt(s) - 90.00% - Score 0 goal in Penalty Kill
Canadiens - 3 on 3 Attempt(s) - 100.00% - Score 0 goal in Penalty Kill

Game Notes

No Game Note

Finance

Level 1 -- Attendance: 4114 (63.29%) -- Ticket Income $514,250.00
Level 2 -- Attendance: 3492 (69.84%) -- Ticket Income $244,440.00
Level 3 -- Attendance: 2283 (65.23%) -- Ticket Income $95,886.00
Level 4 -- Attendance: 1617 (30.67%) -- Ticket Income $48,510.00
Luxury Box -- Attendance: 561 (56.10%) -- Ticket Income $140,250.00
Game was played at the Bell Centre
Total Attendance: 12067 (56.72%)
Total Ticket Income: $1,089,672.00
Other Income: $197,673.30
Total Income: $1,287,345.00


Play by Play

Period #1

0:01 of 1st period - Vincent Lecavalier wins face-off versus Nathan Horton in neutral zone.
0:01 of 1st period - Vincent Lecavalier is hit by R.J. Umberger.
0:16 of 1st period - Patrick Marleau is hit by Brent Seabrook.
0:29 of 1st period - Shot by Vincent Lecavalier.
0:29 of 1st period - Deflect By Patrick Marleau.
0:29 of 1st period - Shot Misses the Net.
1:00 of 1st period - Minor Penalty to Dan Hamhuis for High sticking.
1:01 of 1st period - Sam Gagner wins face-off versus Tomas Plekanec in MapleLeafs zone.
1:14 of 1st period - Shot by Alexander Edler.
1:14 of 1st period - Stopped by Marty Turco without a rebound.
1:15 of 1st period - Tomas Plekanec wins face-off versus Ian Laperriere in MapleLeafs zone.
1:40 of 1st period - Shot by Alexander Edler.
1:40 of 1st period - Stopped by Marty Turco with a rebound.
2:11 of 1st period - Ilya Kovalchuk is hit by Matt Greene and loses puck.
2:45 of 1st period - Alexander Edler is hit by Luke Schenn and loses puck.
3:22 of 1st period - Patrick Marleau is hit by Cory Stillman and loses puck.
3:35 of 1st period - Shot by Jason Pominville.
3:35 of 1st period - Shot Blocked by Kyle Cumiskey.
3:44 of 1st period - Off-side.
3:45 of 1st period - Jason Arnott wins face-off versus Nathan Horton in neutral zone.
4:31 of 1st period - Icing by Ed Jovanovski.
4:32 of 1st period - Vincent Lecavalier wins face-off versus Tomas Plekanec in Canadiens zone.
4:50 of 1st period - Shot by Nikolai Kulemin.
4:50 of 1st period - Stopped by Jaroslav Halak with a rebound.
4:52 of 1st period - Shot by Matt Greene.
4:52 of 1st period - Shot Blocked by Tomas Plekanec.
5:37 of 1st period - Shot by Patrick Marleau.
5:37 of 1st period - Stopped by Jaroslav Halak without a rebound.
5:38 of 1st period - Mike Modano wins face-off versus Shawn Horcoff in Canadiens zone.
5:44 of 1st period - Shot by Luke Schenn.
5:44 of 1st period - Stopped by Jaroslav Halak without a rebound.
5:45 of 1st period - Shawn Horcoff wins face-off versus Mike Modano in Canadiens zone.
5:45 of 1st period - Shawn Horcoff is hit by Mike Grier.
7:02 of 1st period - Kyle Okposo is hit by Patrick Marleau and loses puck.
8:15 of 1st period - Off-side.
8:16 of 1st period - Patrick Marleau wins face-off versus Shawn Horcoff in neutral zone.
8:37 of 1st period - Shot by Patrick Marleau.
8:37 of 1st period - Shot Misses the Net.
8:39 of 1st period - Shot by Kyle Cumiskey.
8:39 of 1st period - Shot Misses the Net.
8:43 of 1st period - Shot by Nikolai Kulemin.
8:43 of 1st period - Shot Misses the Net.
8:45 of 1st period - Shot by Patrick Marleau.
8:45 of 1st period - Shot Misses the Net.
9:36 of 1st period - Shot by Ilya Kovalchuk.
9:36 of 1st period - Deflect By Ales Hemsky.
9:36 of 1st period - Stopped by Marty Turco without a rebound.
9:37 of 1st period - Sam Gagner wins face-off versus Patrik Berglund in MapleLeafs zone.
9:58 of 1st period - Shot by Ilya Kovalchuk.
9:58 of 1st period - Stopped by Marty Turco without a rebound.
9:59 of 1st period - Tomas Plekanec wins face-off versus Jason Arnott in MapleLeafs zone.
10:02 of 1st period - Shot by Ales Hemsky.
10:02 of 1st period - Shot Misses the Net.
10:04 of 1st period - Shot by Tomas Plekanec.
10:04 of 1st period - Stopped by Marty Turco without a rebound.
10:05 of 1st period - Nathan Horton wins face-off versus Ian Laperriere in MapleLeafs zone.
10:12 of 1st period - Shot by R.J. Umberger.
10:12 of 1st period - Stopped by Marty Turco without a rebound.
10:13 of 1st period - Tomas Plekanec wins face-off versus Vincent Lecavalier in MapleLeafs zone.
10:15 of 1st period - Ilya Kovalchuk is hit by Drew Doughty and loses puck.
10:23 of 1st period - Minor Penalty to Drew Doughty for Tripping.
10:24 of 1st period - Tomas Plekanec wins face-off versus Ian Laperriere in MapleLeafs zone.
10:32 of 1st period - Icing by Tomas Plekanec.
10:33 of 1st period - Tomas Plekanec wins face-off versus Sam Gagner in Canadiens zone.
10:42 of 1st period - Shot by Alexander Edler.
10:42 of 1st period - Shot Blocked by Radek Martinek.
11:28 of 1st period - Shot by Ed Jovanovski.
11:28 of 1st period - Shot Misses the Net.
12:14 of 1st period - Off-side.
12:15 of 1st period - Tomas Plekanec wins face-off versus Ian Laperriere in neutral zone.
12:25 of 1st period - Dan Hamhuis is hit by Cory Stillman and loses puck.
12:49 of 1st period - Minor Penalty to Dan Hamhuis for Roughing.
12:50 of 1st period - Tomas Plekanec wins face-off versus Sam Gagner in MapleLeafs zone.
13:48 of 1st period - Off-side.
13:49 of 1st period - Vincent Lecavalier wins face-off versus Nathan Horton in neutral zone.
13:59 of 1st period - Shot by Ilya Kovalchuk.
13:59 of 1st period - Stopped by Marty Turco with a rebound.
14:01 of 1st period - Shot by Kris Russell.
14:01 of 1st period - Shot Misses the Net.
14:03 of 1st period - Shot by Brent Seabrook.
14:03 of 1st period - Shot Misses the Net.
14:56 of 1st period - Cory Stillman is hit by Vincent Lecavalier and loses puck.
16:22 of 1st period - Shot by Ales Hemsky.
16:22 of 1st period - Shot Blocked by Kyle Cumiskey.
16:24 of 1st period - Shot by Ilya Kovalchuk.
16:24 of 1st period - Deflect By Ales Hemsky.
16:24 of 1st period - Shot Blocked by Jason Arnott.
16:34 of 1st period - Shot by Joffrey Lupul.
16:34 of 1st period - Stopped by Jaroslav Halak without a rebound.
16:35 of 1st period - Mike Modano wins face-off versus Shawn Horcoff in Canadiens zone.
16:51 of 1st period - Icing by Cory Stillman.
16:52 of 1st period - Shawn Horcoff wins face-off versus Jason Arnott in Canadiens zone.
17:31 of 1st period - Shot by Patrik Berglund.
17:31 of 1st period - Shot Misses the Net.
17:33 of 1st period - Shot by Ilya Kovalchuk.
17:33 of 1st period - Deflect By Maxime Talbot.
17:33 of 1st period - Shot Blocked by Matt Greene.
17:35 of 1st period - Shot by Alexander Edler.
17:35 of 1st period - Shot Misses the Net.
17:39 of 1st period - Shot by Ilya Kovalchuk.
17:39 of 1st period - Shot Misses the Net.
18:27 of 1st period - Shot by Tom Gilbert.
18:27 of 1st period - Shot Misses the Net.
18:30 of 1st period - R.J. Umberger is hit by Matt Greene.
18:32 of 1st period - Shot by Nathan Horton.
18:32 of 1st period - Shot Misses the Net.
18:39 of 1st period - Icing by Kyle Cumiskey.
18:40 of 1st period - Jason Arnott wins face-off versus Shawn Horcoff in MapleLeafs zone.
18:54 of 1st period - Icing by Toni Lydman.
18:55 of 1st period - Shawn Horcoff wins face-off versus Mike Modano in Canadiens zone.
19:11 of 1st period - Sam Gagner is hit by Toni Lydman and loses puck.
19:28 of 1st period - Shot by Mike Modano.
19:28 of 1st period - Shot Misses the Net.
19:32 of 1st period - Shot by Mike Grier.
19:32 of 1st period - Stopped by Jaroslav Halak with a rebound.
19:49 of 1st period - Patrick Marleau is hit by Toni Lydman and loses puck.

Period #2

0:01 of 2nd period - Vincent Lecavalier wins face-off versus Nathan Horton in neutral zone.
0:14 of 2nd period - Shot by Nathan Horton.
0:14 of 2nd period - Shot Misses the Net.
1:02 of 2nd period - Shot by Sam Gagner.
1:02 of 2nd period - Shot Misses the Net.
1:06 of 2nd period - Shot by Jason Arnott.
1:06 of 2nd period - Stopped by Jaroslav Halak without a rebound.
1:07 of 2nd period - Mike Modano wins face-off versus Tomas Plekanec in Canadiens zone.
1:34 of 2nd period - Shot by Ilya Kovalchuk.
1:34 of 2nd period - Deflect By Tomas Plekanec.
1:34 of 2nd period - Goal by Tomas Plekanec - MapleLeafs : 0 - Canadiens : 1.
1:35 of 2nd period - Jason Arnott wins face-off versus Shawn Horcoff in neutral zone.
2:22 of 2nd period - Off-side.
2:23 of 2nd period - Tomas Plekanec wins face-off versus Vincent Lecavalier in neutral zone.
2:26 of 2nd period - Dan Hamhuis is hit by Tomas Plekanec.
2:27 of 2nd period - Icing by Dan Hamhuis.
2:28 of 2nd period - Tomas Plekanec wins face-off versus Vincent Lecavalier in MapleLeafs zone.
2:37 of 2nd period - Shot by Patrick Marleau.
2:37 of 2nd period - Shot Blocked by Alexander Edler.
2:40 of 2nd period - Icing by Alexander Edler.
2:41 of 2nd period - Tomas Plekanec wins face-off versus Vincent Lecavalier in Canadiens zone.
2:49 of 2nd period - Shot by Tomas Plekanec.
2:49 of 2nd period - Stopped by Marty Turco without a rebound.
2:50 of 2nd period - Nathan Horton wins face-off versus Vincent Lecavalier in MapleLeafs zone.
2:53 of 2nd period - Shot by Kyle Okposo.
2:53 of 2nd period - Deflect By Nathan Horton.
2:53 of 2nd period - Stopped by Marty Turco with a rebound.
2:55 of 2nd period - Shot by Kyle Okposo.
2:55 of 2nd period - Shot Misses the Net.
2:59 of 2nd period - Shot by Brent Seabrook.
2:59 of 2nd period - Stopped by Marty Turco with a rebound.
3:03 of 2nd period - Shot by R.J. Umberger.
3:03 of 2nd period - Shot Misses the Net.
3:05 of 2nd period - Shot by Brent Seabrook.
3:05 of 2nd period - Shot Blocked by Drew Doughty.
3:07 of 2nd period - Shot by Brent Seabrook.
3:07 of 2nd period - Shot Blocked by Patrick Marleau.
3:33 of 2nd period - Minor Penalty to Drew Doughty for Elbowing.
3:34 of 2nd period - Tomas Plekanec wins face-off versus Sam Gagner in MapleLeafs zone.
3:51 of 2nd period - Shot by Tomas Plekanec.
3:51 of 2nd period - Shot Misses the Net.
3:53 of 2nd period - Shot by Tomas Plekanec.
3:53 of 2nd period - Shot Misses the Net.
3:55 of 2nd period - Shot by R.J. Umberger.
3:55 of 2nd period - Shot Misses the Net.
4:07 of 2nd period - Shot by Tomas Plekanec.
4:07 of 2nd period - Shot Misses the Net.
4:09 of 2nd period - Shot by R.J. Umberger.
4:09 of 2nd period - Shot Misses the Net.
4:25 of 2nd period - Shot by Ed Jovanovski.
4:25 of 2nd period - Shot Blocked by Kyle Cumiskey.
4:39 of 2nd period - Shot by Ilya Kovalchuk.
4:39 of 2nd period - Stopped by Marty Turco without a rebound.
4:40 of 2nd period - Nathan Horton wins face-off versus Ian Laperriere in MapleLeafs zone.
4:53 of 2nd period - Shot by Brent Seabrook.
4:53 of 2nd period - Shot Misses the Net.
4:55 of 2nd period - Shot by Brent Seabrook.
4:55 of 2nd period - Stopped by Marty Turco with a rebound.
4:59 of 2nd period - Shot by Ilya Kovalchuk.
4:59 of 2nd period - Stopped by Marty Turco without a rebound.
5:00 of 2nd period - Ian Laperriere wins face-off versus Tomas Plekanec in MapleLeafs zone.
5:34 of 2nd period - Jason Pominville is hit by Dan Hamhuis and loses puck.
5:42 of 2nd period - Icing by Alexander Edler.
5:43 of 2nd period - Vincent Lecavalier wins face-off versus Shawn Horcoff in Canadiens zone.
6:02 of 2nd period - Shot by Alexander Edler.
6:02 of 2nd period - Shot Misses the Net.
6:04 of 2nd period - Shot by Jason Pominville.
6:04 of 2nd period - Stopped by Marty Turco without a rebound.
6:05 of 2nd period - Mike Modano wins face-off versus Nathan Horton in MapleLeafs zone.
6:07 of 2nd period - Patrick Marleau is hit by Kyle Okposo and loses puck.
6:13 of 2nd period - Patrick Marleau is hit by Brent Seabrook and loses puck.
6:51 of 2nd period - Icing by Kyle Okposo.
6:52 of 2nd period - Vincent Lecavalier wins face-off versus Nathan Horton in Canadiens zone.
7:30 of 2nd period - Minor Penalty to Claude Giroux for Hooking.
7:31 of 2nd period - Tomas Plekanec wins face-off versus Ian Laperriere in MapleLeafs zone.
7:44 of 2nd period - Shot by Ilya Kovalchuk.
7:44 of 2nd period - Shot Misses the Net.
7:46 of 2nd period - Shot by Tomas Plekanec.
7:46 of 2nd period - Shot Misses the Net.
7:48 of 2nd period - Shot by Ilya Kovalchuk.
7:48 of 2nd period - Shot Misses the Net.
7:52 of 2nd period - Shot by Ilya Kovalchuk.
7:52 of 2nd period - Stopped by Marty Turco without a rebound.
7:53 of 2nd period - Tomas Plekanec wins face-off versus Sam Gagner in MapleLeafs zone.
8:01 of 2nd period - Shot by Tomas Plekanec.
8:01 of 2nd period - Stopped by Marty Turco with a rebound.
8:03 of 2nd period - Shot by Maxime Talbot.
8:03 of 2nd period - Stopped by Marty Turco without a rebound.
8:04 of 2nd period - Ian Laperriere wins face-off versus Jason Pominville in MapleLeafs zone.
8:10 of 2nd period - Icing by Kris Russell.
8:11 of 2nd period - Nikolai Kulemin wins face-off versus Ilya Kovalchuk in Canadiens zone.
9:21 of 2nd period - Shot by Alexander Edler.
9:21 of 2nd period - Stopped by Marty Turco without a rebound.
9:22 of 2nd period - Tomas Plekanec wins face-off versus Ian Laperriere in MapleLeafs zone.
9:27 of 2nd period - Shot by Tomas Plekanec.
9:27 of 2nd period - Shot Misses the Net.
10:08 of 2nd period - Vincent Lecavalier is hit by Brent Seabrook and loses puck.
10:21 of 2nd period - Shot by Mike Modano.
10:21 of 2nd period - Deflect By Mike Grier.
10:21 of 2nd period - Shot Hit the Post.
10:23 of 2nd period - Shot by Luke Schenn.
10:23 of 2nd period - Stopped by Jaroslav Halak with a rebound.
10:25 of 2nd period - Shot by Radek Martinek.
10:25 of 2nd period - Stopped by Jaroslav Halak without a rebound.
10:26 of 2nd period - Jason Arnott wins face-off versus Shawn Horcoff in Canadiens zone.
10:26 of 2nd period - Jason Arnott is hit by Toni Lydman.
10:29 of 2nd period - Minor Penalty to Toni Lydman for Boarding.
10:30 of 2nd period - Jason Arnott wins face-off versus Tomas Plekanec in Canadiens zone.
10:33 of 2nd period - Shot by Kyle Cumiskey.
10:33 of 2nd period - Stopped by Jaroslav Halak with a rebound.
10:37 of 2nd period - Shot by Jason Arnott.
10:37 of 2nd period - Stopped by Jaroslav Halak without a rebound.
10:38 of 2nd period - Tomas Plekanec wins face-off versus Vincent Lecavalier in Canadiens zone.
11:52 of 2nd period - Shot by Joffrey Lupul.
11:52 of 2nd period - Shot Blocked by Ed Jovanovski.
11:54 of 2nd period - Shot by Kyle Cumiskey.
11:54 of 2nd period - Shot Misses the Net.
11:56 of 2nd period - Shot by Luke Schenn.
11:56 of 2nd period - Stopped by Jaroslav Halak without a rebound.
11:57 of 2nd period - Jason Arnott wins face-off versus Tomas Plekanec in Canadiens zone.
11:58 of 2nd period - Shot by Radek Martinek.
11:58 of 2nd period - Stopped by Jaroslav Halak without a rebound.
11:59 of 2nd period - Jason Arnott wins face-off versus Tomas Plekanec in Canadiens zone.
12:02 of 2nd period - Shot by Luke Schenn.
12:02 of 2nd period - Stopped by Jaroslav Halak without a rebound.
12:03 of 2nd period - Tomas Plekanec wins face-off versus Jason Arnott in Canadiens zone.
12:22 of 2nd period - Shot by Jason Arnott.
12:22 of 2nd period - Stopped by Jaroslav Halak with a rebound.
12:24 of 2nd period - Shot by Luke Schenn.
12:24 of 2nd period - Deflect By Jason Arnott.
12:24 of 2nd period - Stopped by Jaroslav Halak without a rebound.
12:25 of 2nd period - Tomas Plekanec wins face-off versus Vincent Lecavalier in Canadiens zone.
12:34 of 2nd period - Brent Seabrook is hit by Mike Grier and loses puck.
12:41 of 2nd period - Drew Doughty is hit by R.J. Umberger and loses puck.
12:45 of 2nd period - Minor Penalty to Drew Doughty for Holding.
12:46 of 2nd period - Ian Laperriere wins face-off versus Nathan Horton in MapleLeafs zone.
13:06 of 2nd period - Minor Penalty to Brent Seabrook for Hooking.
13:07 of 2nd period - Patrick Marleau wins face-off versus Nathan Horton in Canadiens zone.
13:26 of 2nd period - Shot by Nathan Horton.
13:26 of 2nd period - Deflect By R.J. Umberger.
13:26 of 2nd period - Stopped by Marty Turco without a rebound.
13:27 of 2nd period - Jason Arnott wins face-off versus Jason Pominville in MapleLeafs zone.
13:29 of 2nd period - Icing by Kyle Cumiskey.
13:30 of 2nd period - Jason Arnott wins face-off versus Jason Pominville in MapleLeafs zone.
13:39 of 2nd period - Shot by Jason Arnott.
13:39 of 2nd period - Goal by Jason Arnott - MapleLeafs : 1 - Canadiens : 1.
13:40 of 2nd period - Vincent Lecavalier wins face-off versus Jason Pominville in neutral zone.
13:52 of 2nd period - Vincent Lecavalier is hit by Kris Russell and loses puck.
14:00 of 2nd period - Kris Russell is hit by Dan Hamhuis and loses puck.
14:09 of 2nd period - Shot by Maxime Talbot.
14:09 of 2nd period - Shot Blocked by Dan Hamhuis.
14:26 of 2nd period - Icing by Toni Lydman.
14:27 of 2nd period - Nathan Horton wins face-off versus Jason Arnott in Canadiens zone.
14:27 of 2nd period - Nathan Horton is hit by Joffrey Lupul.
14:41 of 2nd period - Shot by Tom Gilbert.
14:41 of 2nd period - Stopped by Marty Turco without a rebound.
14:42 of 2nd period - Jason Pominville wins face-off versus Jason Arnott in MapleLeafs zone.
15:14 of 2nd period - Shot by Ian Laperriere.
15:14 of 2nd period - Stopped by Jaroslav Halak without a rebound.
15:15 of 2nd period - Vincent Lecavalier wins face-off versus Patrik Berglund in Canadiens zone.
15:22 of 2nd period - Shot by Patrick Marleau.
15:22 of 2nd period - Stopped by Jaroslav Halak without a rebound.
15:23 of 2nd period - Nathan Horton wins face-off versus Sam Gagner in Canadiens zone.
16:26 of 2nd period - Patrick Marleau is hit by Ed Jovanovski and loses puck.
16:33 of 2nd period - Minor Penalty to Ed Jovanovski for High sticking.
16:34 of 2nd period - Tomas Plekanec wins face-off versus Jason Arnott in Canadiens zone.
16:43 of 2nd period - Tomas Plekanec is hit by Joffrey Lupul and loses puck.
18:43 of 2nd period - Shot by Sam Gagner.
18:43 of 2nd period - Shot Misses the Net.
19:09 of 2nd period - Maxime Talbot is hit by Sam Gagner and loses puck.
19:26 of 2nd period - Shot by Claude Giroux.
19:26 of 2nd period - Shot Misses the Net.
19:28 of 2nd period - Shot by Drew Doughty.
19:28 of 2nd period - Goal by Drew Doughty - MapleLeafs : 2 - Canadiens : 1.
19:29 of 2nd period - Shawn Horcoff wins face-off versus Vincent Lecavalier in neutral zone.
19:32 of 2nd period - Shot by Cory Stillman.
19:32 of 2nd period - Shot Misses the Net.
19:34 of 2nd period - Shot by Toni Lydman.
19:34 of 2nd period - Stopped by Marty Turco without a rebound.
19:35 of 2nd period - Jason Arnott wins face-off versus Shawn Horcoff in MapleLeafs zone.
19:43 of 2nd period - Icing by Kris Russell.
19:44 of 2nd period - Vincent Lecavalier wins face-off versus Shawn Horcoff in Canadiens zone.
19:49 of 2nd period - Shot by Claude Giroux.
19:49 of 2nd period - Shot Hit the Post.
19:51 of 2nd period - Shot by Dan Hamhuis.
19:51 of 2nd period - Stopped by Jaroslav Halak without a rebound.
19:52 of 2nd period - Vincent Lecavalier wins face-off versus Nathan Horton in Canadiens zone.

Period #3

0:01 of 3rd period - Vincent Lecavalier wins face-off versus Nathan Horton in neutral zone.
0:24 of 3rd period - Minor Penalty to Patrick Marleau for Holding.
0:25 of 3rd period - Sam Gagner wins face-off versus Tomas Plekanec in MapleLeafs zone.
0:58 of 3rd period - Shot by Tomas Plekanec.
0:58 of 3rd period - Shot Misses the Net.
1:00 of 3rd period - Shot by R.J. Umberger.
1:00 of 3rd period - Shot Misses the Net.
1:02 of 3rd period - Shot by Tomas Plekanec.
1:02 of 3rd period - Stopped by Marty Turco without a rebound.
1:03 of 3rd period - Nathan Horton wins face-off versus Ian Laperriere in MapleLeafs zone.
1:16 of 3rd period - Shot by Ilya Kovalchuk.
1:16 of 3rd period - Deflect By Ales Hemsky.
1:16 of 3rd period - Shot Misses the Net.
1:42 of 3rd period - Shot by Ilya Kovalchuk.
1:42 of 3rd period - Deflect By Nathan Horton.
1:42 of 3rd period - Shot Misses the Net.
1:51 of 3rd period - Icing by Ed Jovanovski.
1:52 of 3rd period - Sam Gagner wins face-off versus Nathan Horton in Canadiens zone.
2:34 of 3rd period - Minor Penalty to Dan Hamhuis for Boarding.
2:35 of 3rd period - Sam Gagner wins face-off versus Tomas Plekanec in MapleLeafs zone.
2:52 of 3rd period - Off-side.
2:53 of 3rd period - Tomas Plekanec wins face-off versus Sam Gagner in neutral zone.
3:10 of 3rd period - Shot by Tomas Plekanec.
3:10 of 3rd period - Deflect By Maxime Talbot.
3:10 of 3rd period - Goal by Maxime Talbot - MapleLeafs : 2 - Canadiens : 2.
3:11 of 3rd period - Shawn Horcoff wins face-off versus Vincent Lecavalier in neutral zone.
3:33 of 3rd period - Shot by Alexander Edler.
3:33 of 3rd period - Stopped by Marty Turco without a rebound.
3:34 of 3rd period - Jason Arnott wins face-off versus Nathan Horton in MapleLeafs zone.
3:55 of 3rd period - Shot by R.J. Umberger.
3:55 of 3rd period - Stopped by Marty Turco without a rebound.
3:56 of 3rd period - Mike Modano wins face-off versus Ales Hemsky in MapleLeafs zone.
4:05 of 3rd period - Shot by Ilya Kovalchuk.
4:05 of 3rd period - Stopped by Marty Turco without a rebound.
4:06 of 3rd period - Vincent Lecavalier wins face-off versus Shawn Horcoff in MapleLeafs zone.
4:38 of 3rd period - Icing by Cory Stillman.
4:39 of 3rd period - Mike Modano wins face-off versus Shawn Horcoff in Canadiens zone.
4:43 of 3rd period - Icing by Shawn Horcoff.
4:44 of 3rd period - Shawn Horcoff wins face-off versus Jason Arnott in Canadiens zone.
4:54 of 3rd period - Shot by Jason Arnott.
4:54 of 3rd period - Shot Blocked by Shawn Horcoff.
4:59 of 3rd period - Icing by Kris Russell.
5:00 of 3rd period - Shawn Horcoff wins face-off versus Mike Modano in Canadiens zone.
5:23 of 3rd period - Off-side.
5:24 of 3rd period - Vincent Lecavalier wins face-off versus Tomas Plekanec in neutral zone.
5:28 of 3rd period - Icing by Alexander Edler.
5:29 of 3rd period - Vincent Lecavalier wins face-off versus Ilya Kovalchuk in Canadiens zone.
5:46 of 3rd period - Shot by Claude Giroux.
5:46 of 3rd period - Shot Misses the Net.
5:50 of 3rd period - Shot by Patrick Marleau.
5:50 of 3rd period - Stopped by Jaroslav Halak with a rebound.
5:52 of 3rd period - Shot by Dan Hamhuis.
5:52 of 3rd period - Stopped by Jaroslav Halak without a rebound.
5:53 of 3rd period - Nathan Horton wins face-off versus Jason Arnott in Canadiens zone.
6:06 of 3rd period - Off-side.
6:07 of 3rd period - Mike Modano wins face-off versus Patrik Berglund in neutral zone.
6:37 of 3rd period - Minor Penalty to Radek Martinek for Hooking.
6:38 of 3rd period - Tomas Plekanec wins face-off versus Ian Laperriere in MapleLeafs zone.
9:08 of 3rd period - Icing by Toni Lydman.
9:09 of 3rd period - Jason Arnott wins face-off versus Cory Stillman in Canadiens zone.
11:28 of 3rd period - Icing by Mike Grier.
11:29 of 3rd period - Nathan Horton wins face-off versus Mike Modano in MapleLeafs zone.
12:07 of 3rd period - Toni Lydman is hit by Claude Giroux and loses puck.
12:55 of 3rd period - Shot by Ilya Kovalchuk.
12:55 of 3rd period - Stopped by Marty Turco without a rebound.
12:56 of 3rd period - Vincent Lecavalier wins face-off versus Maxime Talbot in MapleLeafs zone.
13:05 of 3rd period - Shot by Maxime Talbot.
13:05 of 3rd period - Stopped by Marty Turco without a rebound.
13:06 of 3rd period - Jason Arnott wins face-off versus Nathan Horton in MapleLeafs zone.
13:22 of 3rd period - Minor Penalty to Kyle Cumiskey for Holding.
13:23 of 3rd period - Tomas Plekanec wins face-off versus Sam Gagner in MapleLeafs zone.
13:28 of 3rd period - Shot by R.J. Umberger.
13:28 of 3rd period - Deflect By Tomas Plekanec.
13:28 of 3rd period - Stopped by Marty Turco without a rebound.
13:29 of 3rd period - Nathan Horton wins face-off versus Sam Gagner in MapleLeafs zone.
14:30 of 3rd period - Shot by Tomas Plekanec.
14:30 of 3rd period - Shot Blocked by Matt Greene.
14:32 of 3rd period - Shot by Toni Lydman.
14:32 of 3rd period - Stopped by Marty Turco without a rebound.
14:33 of 3rd period - Nathan Horton wins face-off versus Sam Gagner in MapleLeafs zone.
14:36 of 3rd period - Shot by Ales Hemsky.
14:36 of 3rd period - Stopped by Marty Turco without a rebound.
14:37 of 3rd period - Sam Gagner wins face-off versus Tomas Plekanec in MapleLeafs zone.
14:52 of 3rd period - Shot by Tomas Plekanec.
14:52 of 3rd period - Shot Misses the Net.
16:31 of 3rd period - Shawn Horcoff is hit by Ian Laperriere and loses puck.
16:43 of 3rd period - Joffrey Lupul is hit by Kris Russell and loses puck.
16:54 of 3rd period - Shot by Shawn Horcoff.
16:54 of 3rd period - Stopped by Marty Turco without a rebound.
16:55 of 3rd period - Nathan Horton wins face-off versus Vincent Lecavalier in MapleLeafs zone.
16:58 of 3rd period - Shot by R.J. Umberger.
16:58 of 3rd period - Shot Blocked by Patrick Marleau.
17:33 of 3rd period - Icing by Radek Martinek.
17:34 of 3rd period - Jason Pominville wins face-off versus Vincent Lecavalier in MapleLeafs zone.
17:58 of 3rd period - Shot by Maxime Talbot.
17:58 of 3rd period - Shot Misses the Net.
18:02 of 3rd period - Shot by Ilya Kovalchuk.
18:02 of 3rd period - Deflect By Jason Pominville.
18:02 of 3rd period - Stopped by Marty Turco without a rebound.
18:03 of 3rd period - Nathan Horton wins face-off versus Jason Arnott in MapleLeafs zone.
18:48 of 3rd period - Icing by Matt Greene.
18:49 of 3rd period - Mike Modano wins face-off versus Tomas Plekanec in MapleLeafs zone.
18:57 of 3rd period - Icing by Toni Lydman.
18:58 of 3rd period - Tomas Plekanec wins face-off versus Claude Giroux in Canadiens zone.
19:06 of 3rd period - Icing by Claude Giroux.
19:07 of 3rd period - Nathan Horton wins face-off versus Vincent Lecavalier in MapleLeafs zone.
19:58 of 3rd period - Shot by Joffrey Lupul.
19:58 of 3rd period - Stopped by Jaroslav Halak without a rebound.
19:59 of 3rd period - Vincent Lecavalier wins face-off versus Ilya Kovalchuk in Canadiens zone.

Overtime #1

0:01 of 1st overtime period - Jason Pominville wins face-off versus Vincent Lecavalier in neutral zone.
0:30 of 1st overtime period - Shot by Ed Jovanovski.
0:30 of 1st overtime period - Goal by Ed Jovanovski - MapleLeafs : 2 - Canadiens : 3.


Output by the SimonT Hockey Simulator (STHS) for Stephane Roy -- Original Page W3C XHTML 1.0 Valid